 Dungeon Crawl Stone Soup version 0.26-a0-30-g56b8cd3df0 (webtiles) character file.

Game seed: 8692060469329317961, levelgen mode: deterministic

268 Haldmier the Conjurer (level 5, -1/38 HPs)
             Began as a Demigod Conjurer on May 31, 2020.
             Slain by an orc priest
             ... wielding a +2 vorpal mace
              (7 damage)
             ... on level 4 of the Dungeon.
             The game lasted 00:11:38 (4080 turns).

Haldmier the Conjurer (Demigod Conjurer)            Turns: 4080, Time: 00:11:38

Health: -1/38      AC:  9    Str: 11    XL:     5   Next: 68%
Magic:  1/11       EV: 11    Int: 21    God:
Gold:   172        SH:  5    Dex: 16    Spells: 2/8 levels left

rFire    . . .     SeeInvis .   q - +0 short sword
rCold    . . .     Gourm    .   r - +0 buckler
rNeg     . . .     Faith    .   i - +0 leather armour
rPois    .         Spirit   .   h - +0 helmet
rElec    .         Reflect  .   (no cloak)
rCorr    .         Harm     .   n - +0 pair of gloves
MR       .....                  (no boots)
Stlth    ++........             (no amulet)
HPRegen  0.12/turn              (no ring)
MPRegen  0.12/turn              m - +4 ring of protection

@: no status effects
A: high mp 1
a: no special abilities


You were on level 4 of the Dungeon.
You were not hungry.

You visited 1 branch of the dungeon, and saw 4 of its levels.

You collected 172 gold pieces.

Inventory:

Hand Weapons
 d - a +1 short sword of flaming
 q - a +0 short sword (weapon)
 z - a +0 trident
 B - the +9 dagger of Vengeance {vorpal, rPois Int+3 Dex+4, unknown}
   (You found it on level 4 of the Dungeon)

   It inflicts extra damage upon your enemies.
   It affects your intelligence (+3).
   It affects your dexterity (+4).
   It protects you from poison.
Missiles
 b - 158 stones
 k - 39 poisoned darts (quivered)
Armour
 a - a +0 robe
 h - a +0 helmet (worn)
 i - a +0 leather armour (worn)
 n - a +0 pair of gloves (worn)
 r - a +0 buckler (worn)
Jewellery
 g - an uncursed ring of ice
 m - a +4 ring of protection (right hand)
Scrolls
 e - a scroll of enchant weapon {unknown}
 f - a scroll of teleportation {unknown}
 j - 4 scrolls of identify {unknown}
 l - 3 scrolls of remove curse {unknown}
 s - a scroll of amnesia {unknown}
 u - 2 scrolls of magic mapping {unknown}
 w - 2 scrolls of fog {unknown}
 x - 2 scrolls of enchant armour {unknown}
 y - a scroll of immolation {unknown}
Potions
 o - 2 potions of heal wounds {unknown}
 p - 2 potions of magic {unknown}
 t - a potion of degeneration {unknown}
 A - a potion of flight {unknown}
 C - a potion of brilliance {unknown}
Comestibles
 c - 7 rations


   Skills:
 - Level 1.7 Dodging
 - Level 1.7 Stealth
 + Level 2.6 Shields
 + Level 2.2 Spellcasting
 + Level 5.7 Conjurations


You had 2 spell levels left.
You knew the following spells:

 Your Spells              Type           Power        Failure   Level  Hunger
a - Magic Dart            Conj           ####         2%          1    #......
b - Searing Ray           Conj           ####..       3%          2    ##.....
c - Dazzling Flash        Conj/Hex       ##....       21%         3    ###....

Your spell library contained the following spells:

 Spells                   Type           Power        Failure   Level  Hunger
 Fulminant Prism          Conj/Hex       ##........   56%         4    #####..
 Iskenderun's Mystic Bla  Conj/Tloc      ##......     56%         4    #####..


Dungeon Overview and Level Annotations

Branches:
Dungeon (4/15)
 Temple: D:4-7


Innate Abilities, Weirdness & Mutations

You have an increased reservoir of magic. (+10% MP)


Message History

The magic dart hits the orc priest but does no damage.
The orc priest is severely wounded.
The orc priest hits you but does no damage.
Casting: Magic Dart (safe; 2% risk of failure)
Confirm with . or Enter, or press ? or * to list all spells.
You don't have enough magic to cast that spell.
Unknown command.
You hit the orc priest but do no damage.
The orc priest is severely wounded.
The orc priest invokes the aid of Beogh against you.
Pain shoots through your body!
You hit the orc priest.
The orc priest is almost dead.
The orc priest invokes the aid of Beogh against you.
Pain shoots through your body!
* * * LOW HITPOINT WARNING * * *
You closely miss the orc priest.
The orc priest is almost dead.
The orc priest hits you with a +2 vorpal mace!
You die...

## #.. ..#
###.#####.####
............# #.
#..........# #. .###
#.@........# #.
.o...####o......#..# #.
...)............#..# #.
#.).[...........#######.
#.........<.............
#.......................
#..............#........
#........##.##.#######..
#........##.##.# #..


You could see an orc priest.

Vanquished Creatures
  A howler monkey (D:3)
  A hound (D:3)
  An orc wizard (D:4)
  A worker ant (D:4)
  A hound skeleton (D:4)
  4 adders
  3 oozes
  A worm (D:3)
  2 dart slugs (D:2)
  4 leopard geckos
  5 orcs
  12 bats
  2 giant cockroaches
  7 goblins
  5 hobgoblins
  2 jackals (D:1)
  10 kobolds
  A quokka (D:2)
  9 frilled lizards
  A quokka zombie (D:2)
  8 rats
81 creatures vanquished.

Notes
Turn   | Place    | Note
-------+----------+-------------------------------------------
     0 | D:1      | Haldmier the Demigod Conjurer began the quest for the Orb.
     0 | D:1      | Reached XP level 1. HP: 14/14 MP: 5/5
   256 | D:1      | Reached skill level 4 in Conjurations
   372 | D:1      | Reached XP level 2. HP: 20/20 MP: 5/7
   376 | D:1      | Learned a level 2 spell: Searing Ray
  1330 | D:2      | Reached XP level 3. HP: 26/26 MP: 5/8
  1475 | D:2      | Found a bloodstained altar of Trog.
  2147 | D:2      | Reached skill level 5 in Conjurations
  2730 | D:3      | Found an iron altar of Okawaru.
  2733 | D:3      | Reached skill level 1 in Shields
  2799 | D:3      | Reached XP level 4. HP: 33/33 MP: 7/9
  3173 | D:3      | Found a snail-covered altar of Cheibriados.
  3395 | D:3      | Reached XP level 5. HP: 38/38 MP: 1/10
  3711 | D:3      | Learned a level 3 spell: Dazzling Flash
  3824 | D:4      | Found a hazy altar of Hepliaklqana.
  3932 | D:4      | Got a pitted dagger
  4080 | D:4      | Slain by an orc priest

Illustrated notes

Levels and vault maps discovered:
D:1:      minmay_arrival_shattered_statue, layout_basic, minmay_misc_feat_doors
D:2:      layout_loops_ring, bloody_trog, first_ration
D:3:      layout_loops_ring, cheibriados_altar_1, okawaru_metal_pillars_1_2
D:4:      layout_loops_cross, elyvilon_altar_4, old_standard_altar

Skill      XL: |  1  2  3  4  5 |
---------------+----------------+-----
Conjurations   | 4 5 |  5.7
Shields        | 1 2 |  2.6
Spellcasting   | 2 |  2.2
Dodging        | |  1.7
Stealth        | |  1.7

Action                   |  1- 3 |  4- 6 || total
-------------------------+-------+-------++-------
Melee: Dagger            |     1 |       ||     1
       Short sword       |       |    22 ||    22
 Cast: Magic Dart        |   103 |    78 ||   181
       Searing Ray       |       |     2 ||     2
 Stab: Sleeping          |     1 |       ||     1
  Eat: Chunk             |     7 |     5 ||    12
Armor: Leather armour    |     1 |    19 ||    20
Dodge: Dodged            |     9 |    26 ||    35
Block: Buckler           |       |    14 ||    14

Table legend:
 A = Non-vault XP
 B = Vault XP
 C = Vault XP percentage of total XP
 D = Non-vault monster count
 E = Vault monster count
 F = Vault count percentage of total count
                 A         B        C        D         E       F
            +---------+---------+-------+---------+---------+-------
      Total |     384 |       0 |   0.0 |      81 |       0 |   0.0
            +---------+---------+-------+---------+---------+-------
        D:1 |      46 |       0 |   0.0 |      22 |       0 |   0.0
        D:2 |      47 |       0 |   0.0 |      23 |       0 |   0.0
        D:3 |     184 |       0 |   0.0 |      29 |       0 |   0.0
        D:4 |     107 |       0 |   0.0 |       7 |       0 |   0.0
            +---------+---------+-------+---------+---------+-------
